 Dungeon Crawl Stone Soup version 0.31-a0-1264-g094a60c (webtiles) character file.

Game seed: 8589714105875509571

27208 Meow the Frost Mage (level 13, -6/117 HPs)
             Began as a Naga Conjurer on Dec 16, 2023.
             Was an Initiate of Gozag.
             Mangled by a black mamba (7 damage)
             ... on level 2 of the Lair of Beasts.
             The game lasted 00:59:29 (17659 turns).

Meow the Frost Mage (Naga Conjurer)                Turns: 17659, Time: 00:59:30

Health: -6/117     AC: 16    Str: 10    XL:     13   Next: 30%
Magic:  27/27      EV: 12    Int: 23    God:    Gozag
Gold:   595        SH:  0    Dex: 10    Spells: 12/32 levels left

rFire   . . .        a - +2 long sword (flame)
rCold   . . .        (no shield)
rNeg    . . .        g - +0 robe
rPois   +            c - +0 helmet
rElec   .            G - +0 cloak
rCorr   .            I - +0 pair of gloves
SInv    +            N - +0 barding
Will    +....        P - amulet of regeneration
Stlth   ++           j - +5 ring of evasion
HPRegen 1.19/turn    O - +4 ring of protection
MPRegen 0.20/turn

%: no passive effects
@: lethally poisoned (-6 -> -7), very slow
A: AC +4, large, see invisible, deformed body, poison resistance, slowness 2,
spit poison 1, naga tail 2
a: Spit Poison, Renounce Religion, Potion Petition, Call Merchant, Bribe Branch


You were on level 2 of the Lair of Beasts.
You worshipped Gozag.
Gozag was pleased with you.
You visited 4 branches of the dungeon, and saw 15 of its levels.
You also visited: Ossuary.

You collected 3958 gold pieces.
You spent 1187 gold pieces at shops.
You paid 2176 gold pieces to Gozag.

Inventory:

Hand Weapons
 a - a +2 long sword of flaming (weapon)
 x - a +0 long sword
 M - a +0 quarterstaff
Missiles
 e - 20 javelins
 h - 146 stones
 i - 23 poisoned darts
Armour
 c - a +0 helmet (worn)
 g - a +0 robe (worn)
 G - a +0 cloak (worn)
 I - a +0 pair of gloves (worn)
 N - a +0 barding (worn)
Magical Staves
 C - a staff of cold
 D - a staff of poison
Jewellery
 j - a +5 ring of evasion (left hand)
 o - a ring of positive energy
 p - a ring of resist corrosion
 t - the ring "Izewocs" {rF++ rN+ Str+3}
   (You found it on level 1 of the Lair of Beasts)

   [ring of positive energy]

   Str+3:     It affects your strength (+3).
   rF++:      It greatly protects you from fire.
   rN+:       It protects you from negative energy.
 O - a +4 ring of protection (right hand)
 P - an amulet of regeneration (around neck)
 Q - a ring of ice
Wands
 s - a wand of flame (9)
 z - a wand of polymorph (19)
 F - a wand of acid (11)
Scrolls
 l - a scroll of revelation {unknown}
 m - 3 scrolls of teleportation
 n - 7 scrolls of blinking
 r - 2 scrolls of immolation {unknown}
 v - 2 scrolls of fog {unknown}
 w - a scroll of vulnerability {unknown}
 y - a scroll of enchant armour {unknown}
 H - 2 scrolls of amnesia {unknown}
 J - a scroll of enchant weapon {unknown}
 L - a scroll of noise {unknown}
Potions
 b - a potion of magic
 d - 2 potions of haste
 f - 5 potions of mutation
 k - 6 potions of curing
 q - 6 potions of lignification
 u - a potion of brilliance {unknown}
 A - 3 potions of resistance {unknown}
 B - a potion of ambrosia {unknown}
 E - 6 potions of enlightenment
 K - a potion of invisibility {unknown}
 R - a potion of berserk rage {unknown}
 S - a potion of heal wounds


   Skills:
 - Level 8.0 Fighting
 - Level 1.5 Dodging
 - Level 3.0 Stealth
 - Level 10.0 Spellcasting
 - Level 12.0 Conjurations
 + Level 14.1 Ice Magic


You had 12 spell levels left.
You knew the following spells:

 Your Spells              Type           Power      Damage    Failure   Level
a - Magic Dart            Conj           100%       1d8       1%          1
b - Searing Ray           Conj           100%       2d8       1%          2
f - Frozen Ramparts       Ice            100%       1d16      1%          3
A - Stone Arrow           Conj/Erth      78%        3d11      1%          3
B - Iskenderun's Mystic   Conj/Tloc      39%        2d9       4%          4
C - Hailstorm             Conj/Ice       64%        3d12      1%          3
F - Fulminant Prism       Conj/Hex       19%        3d11      4%          4

Your spell library contained the following spells:

 Spells                   Type           Power      Damage    Failure   Level
 Freeze                   Ice            100%       1d10      1%          1
 Dazzling Flash           Conj/Hex       78%        N/A       1%          3
 Iskenderun's Battlesphe  Conj           61%        2d11      1%          5
 Slow                     Hex            44%        N/A       5%          1
 Ozocubu's Refrigeration  Ice            33%        4d14      14%         7
 Confusing Touch          Hex            11%        N/A       17%         3
 Sigil of Binding         Hex            11%        N/A       17%         3
 Vampiric Draining        Necr           11%        2d6       17%         3
 Animate Armour           Summ/Erth      22%        N/A       50%         4
 Bombard                  Conj/Erth      19%        9d4       58%         6
 Spellforged Servitor     Conj/Summ      19%        N/A       99%         7
 Lehudib's Crystal Spear  Conj/Erth      19%        10d6      100%        8
 Polar Vortex             Ice            33%        12d4*     100%        9
 Simulacrum               Ice/Necr       Unusable   N/A       N/A         6

Dungeon Overview and Level Annotations

Branches:
Dungeon (10/15)            Temple (1/1) D:4            Lair (2/5) D:9
    Orc (2/2) D:10            Elf (0/3) Orc:2       Ossuary (visited)
  Swamp: Lair:2-3    Shoals: Lair:2-3     Snake: Lair:2-3    Spider: Lair:2-3

Altars:
Ashenzari
Cheibriados
Dithmenos
Elyvilon
Fedhas
Gozag
Hepliaklqana
Kikubaaqudgha
Makhleb
Nemelex Xobeh
Okawaru
Qazlal
Ru
Sif Muna
Trog
Uskayaw
Vehumet
Wu Jian
Xom
Yredelemnul
Zin
The Shining One

Shops:
D:9 ?   D:10 =(:   Orc:1 =(:   Orc:2 (!*:

Annotations:
D:3 3 runed translucent doors, december12's ghost, amateur BaAr
D:10 1 runed translucent door, PhillyD's ghost, novice DsFi
Orc:1 3 runed translucent doors, fbwer's ghost, journeyman TeAE


Innate Abilities, Weirdness & Mutations

Your serpentine skin is tough. (AC +4)
You have supernaturally acute eyesight. (SInv)
Armour fits poorly on your strangely shaped body.
Your system is resistant to poisons. (rPois)
You cover ground very slowly.
You can spit poison.
You can use your snake-like lower body to constrict enemies.


Message History

The black mamba closely misses you.
You feel very sick. The black mamba misses you.
The black mamba barely misses you. x2
Unknown command.
You feel sick. The black mamba bites you. The black mamba bites you!
You barely miss the black mamba. Your grab misses the black mamba.
The black mamba is moderately wounded.
You feel sick. The black mamba bites you. The black mamba closely misses you.
The black mamba bites you but does no damage.
You feel sick.
The black mamba attacks as it pursues you!
The black mamba barely misses you.
The black mamba bites you but does no damage.
You feel sick.
The black mamba bites you but does no damage.
The black mamba bites you!
* * * LOW HITPOINT WARNING * * *
The black mamba bites you.
* * * LOW HITPOINT WARNING * * *
You feel sick.
You are no longer poisoned.
The black mamba bites you.
* * * LOW HITPOINT WARNING * * *
You are poisoned.
The black mamba poisons you! The black mamba closely misses you.
You feel very sick. The black mamba misses you. The black mamba bites you.
* * * LOW HITPOINT WARNING * * *
The black mamba bites you but does no damage.
You feel very sick.
The black mamba attacks as it pursues you!
The black mamba bites you but does no damage.
The black mamba bites you.
* * * LOW HITPOINT WARNING * * *
* * * LOW HITPOINT WARNING * * *
You feel sick.
The black mamba bites you but does no damage.
The black mamba misses you. The black mamba bites you!
You die...
Your body crumbles into a pile of gold.

.#.#P##.# #...........
........# ..........#
........## #.........#.
.........######...........
.........##.##P...........
#......^..##...P........#
+...............P......#
P..P#######P.#........#
...## ###.#.@..#.## ...
###..S.# ... #....# .
#P....... . ##.........
#.......... ...........
............ #.....##.##.#


You could see a black mamba.

Vanquished Creatures
  Gastronok (D:9)
  2 two-headed ogres
  5 orc high priests (Orc:2)
  5 orc knights (Orc:2)
  Pikel (D:7)
  2 manticores (Orc:2)
  4 orange demons (Orc:2)
  3 cane toads
  Maggie (D:9)
  A rime drake (Lair:1)
  Jeremiah (Lair:1)
  A komodo dragon (Lair:1)
  A troll (Orc:1)
  2 polar bears (Lair:1)
  A hornet (D:7)
  6 blink frogs
  6 slime creatures
  A vampire (D:10)
  2 wyverns (D:9)
  2 steam dragons (D:8)
  2 basilisks (Lair:1)
  17 yaks
  2 wargs
  An acid dragon (D:9)
  A water moccasin (D:9)
  Duvessa (D:6)
  28 orc warriors
  2 black bears
  2 ice beasts
  2 centaurs
  An ogre (Orc:1)
  14 wolves
  A lemure (D:7)
  A phantom (D:4)
  3 kobold brigands
  8 bullfrogs
  8 scorpions
  15 wights
  Dowan (D:6)
  9 killer bees (D:9)
  An electric eel (Lair:1)
  A centaur zombie (Ossuary)
  2 human zombies (Ossuary)
  2 gnoll boudas
  27 orc priests
  5 hounds
  3 jellies
  2 sleepcaps (D:5)
  3 iguanas
  16 orc wizards
  3 mummies
  11 gnolls
  9 adders
  2 shadow imps
  3 white imps
  2 ufetubi (D:6)
  An adder zombie (Ossuary)
  4 worms
  A dart slug (D:2)
  67 orcs
  7 bats
  11 endoplasms
  4 giant cockroaches
  5 goblins
  7 hobgoblins
  6 jackals
  19 kobolds
  5 quokkas
  4 ball pythons
  3 frilled lizards
  5 goblin zombies (Ossuary)
  11 hobgoblin zombies (Ossuary)
  A jackal zombie (Ossuary)
  4 kobold zombies (Ossuary)
  9 orc zombies (Ossuary)
  11 rats
  2 rat zombies (Ossuary)
446 creatures vanquished.

Vanquished Creatures (others)
  38 fulminant prisms
38 creatures vanquished.

Grand Total: 484 creatures vanquished

Notes
Turn   | Place    | Note
-------+----------+-------------------------------------------
     0 | D:1      | Meow the Naga Conjurer began the quest for the Orb.
     0 | D:1      | Reached XP level 1. HP: 15/15 MP: 3/3
   225 | D:1      | Reached XP level 2. HP: 22/22 MP: 5/5
   280 | D:1      | Learned a level 2 spell: Searing Ray
   767 | D:1      | Reached XP level 3. HP: 28/28 MP: 4/6
  1042 | D:1      | Found a faded altar of an unknown god.
  1207 | D:2      | Reached XP level 4. HP: 36/36 MP: 3/8
  1312 | D:2      | Found an iron altar of Okawaru.
  1678 | D:3      | Found a runed translucent gate.
  1678 | D:3      | Found a runed translucent gate.
  1737 | D:3      | Reached skill level 5 in Conjurations
  1868 | D:3      | Found a runed translucent gate.
  1868 | D:3      | Noticed december12's ghost (amateur BaAr)
  2296 | D:3      | Reached XP level 5. HP: 38/42 MP: 4/10
  2443 | D:4      | Found a staircase to the Ecumenical Temple.
  2450 | Temple   | Entered the Ecumenical Temple
  2482 | D:4      | Noticed a phantom
  2489 | D:4      | Killed a phantom
  2490 | D:4      | Reached XP level 6. HP: 49/49 MP: 0/12
  2703 | D:4      | Learned a level 4 spell: Iskenderun's Mystic Blast
  2730 | D:4      | Learned a level 3 spell: Stone Arrow
  2879 | D:4      | Found a radiant altar of Vehumet.
  3049 | D:4      | Found a glowing silver altar of Zin.
  3051 | D:4      | Found an opulent altar of Gozag.
  3056 | D:4      | Became a worshipper of Gozag Ym Sagoz the Greedy
  3288 | D:5      | Entered Level 5 of the Dungeon
  3450 | D:5      | Noticed a black bear
  3457 | D:5      | Killed a black bear
  3458 | D:5      | Reached skill level 5 in Spellcasting
  3458 | D:5      | Reached XP level 7. HP: 55/55 MP: 8/14
  3519 | D:5      | Found an iron altar of Okawaru.
  3519 | D:5      | Found a snail-covered altar of Cheibriados.
  3530 | D:5      | Found a blossoming altar of Fedhas.
  3535 | D:5      | Found a sparkling altar of Nemelex Xobeh.
  3537 | D:5      | Found a hide-covered altar of Uskayaw.
  3908 | D:5      | Reached skill level 1 in Fighting
  4535 | D:6      | Reached XP level 8. HP: 63/68 MP: 12/16
  4574 | D:6      | Found a sand-covered staircase.
  4603 | Ossuary  | Entered an ossuary
  5373 | D:6      | Learned a level 4 spell: Fulminant Prism
  5682 | D:6      | Noticed Duvessa
  5682 | D:6      | Noticed Dowan
  5696 | D:6      | Killed Duvessa
  5696 | D:6      | Killed Dowan
  5697 | D:6      | Reached skill level 5 in Fighting
  5802 | D:6      | Reached XP level 9. HP: 77/81 MP: 12/18
  6372 | D:7      | Noticed Pikel
  6403 | D:7      | Noticed a hornet
  6410 | D:7      | Killed a hornet
  8045 | D:7      | Killed Pikel
  8225 | D:8      | Reached XP level 10. HP: 49/96 MP: 2/20
  8388 | D:8      | Learned a level 3 spell: Frozen Ramparts
  8976 | D:8      | Reached skill level 10 in Conjurations
  9172 | D:8      | Noticed a two-headed ogre
  9195 | D:8      | Killed a two-headed ogre
  9481 | D:9      | Found a staircase to the Lair.
  9486 | D:9      | Upgraded the game from 0.31-a0-1263-g0072eaf8 to
                  | 0.31-a0-1264-g094a60c
  9860 | D:9      | Found Doakhim's Magic Scroll Boutique.
  9867 | D:9      | Noticed Maggie
  9868 | D:9      | Bought a scroll of teleportation for 36 gold pieces
  9868 | D:9      | Bought a scroll of teleportation for 36 gold pieces
  9868 | D:9      | Bought a scroll of blinking for 90 gold pieces
  9883 | Lair:1   | Entered Level 1 of the Lair of Beasts
  9899 | Lair:1   | Noticed a cane toad
  9913 | Lair:1   | Noticed a cane toad
  9922 | Lair:1   | Noticed a cane toad
  9922 | Lair:1   | Killed a cane toad
  9941 | Lair:1   | Reached XP level 11. HP: 49/103 MP: 5/24
  9951 | Lair:1   | Noticed Jeremiah
 10307 | D:9      | Noticed Gastronok
 10345 | D:10     | Entered Level 10 of the Dungeon
 10350 | D:10     | Found a staircase to the Orcish Mines.
 10477 | D:10     | Reached skill level 1 in Ice Magic
 10599 | D:10     | Reached skill level 2 in Ice Magic
 11300 | D:10     | Found a shimmering altar of Xom.
 11368 | D:10     | Reached skill level 10 in Spellcasting
 11527 | D:10     | Found a runed translucent door.
 11527 | D:10     | Found a shimmering altar of Xom.
 11527 | D:10     | Noticed a +2 flail of chaos
 11527 | D:10     | Noticed PhillyD's ghost (novice DsFi)
 11706 | D:10     | Reached skill level 3 in Ice Magic
 11778 | D:10     | Learned a level 3 spell: Hailstorm
 11828 | Orc:1    | Entered Level 1 of the Orcish Mines
 11866 | Orc:1    | Found a runed translucent gate.
 11866 | Orc:1    | Found a runed translucent gate.
 11866 | Orc:1    | Noticed a two-headed ogre
 11867 | Orc:1    | Found a runed translucent gate.
 11867 | Orc:1    | Noticed fbwer's ghost (journeyman TeAE)
 11905 | Orc:1    | Reached skill level 4 in Ice Magic
 12083 | Orc:1    | Reached skill level 5 in Ice Magic
 12428 | Orc:2    | Entered Level 2 of the Orcish Mines
 12467 | Orc:2    | Found a staircase to the Elven Halls.
 12667 | Orc:2    | Noticed a two-headed ogre
 12678 | Orc:2    | Killed a two-headed ogre
 12679 | Orc:2    | Reached skill level 6 in Ice Magic
 12831 | Orc:2    | Noticed an orc knight
 12844 | Orc:2    | Killed an orc knight
 12845 | Orc:2    | Reached skill level 7 in Ice Magic
 12845 | Orc:2    | Noticed an orc knight
 12847 | Orc:2    | Noticed an orc knight
 12854 | Orc:2    | Noticed an orc high priest
 12873 | Orc:2    | Killed an orc high priest
 12873 | Orc:2    | Noticed an orc knight
 12874 | Orc:2    | Reached XP level 12. HP: 39/110 MP: 1/26
 12879 | Orc:2    | Reached skill level 8 in Ice Magic
 13051 | Orc:1    | Noticed an orc warlord
 13352 | Orc:2    | Reached skill level 9 in Ice Magic
 13680 | Orc:2    | Reached skill level 10 in Ice Magic
 14009 | Orc:2    | Noticed an orc high priest
 14009 | Orc:2    | Noticed an orc high priest
 14028 | Orc:2    | Killed an orc high priest
 14045 | Orc:2    | Noticed an orc high priest
 14052 | Orc:2    | Killed an orc high priest
 14053 | Orc:2    | Reached skill level 11 in Ice Magic
 14331 | Orc:2    | Noticed an orc high priest
 14342 | Orc:2    | Killed an orc high priest
 14511 | Orc:2    | Killed an orc high priest
 14512 | Orc:2    | Reached skill level 12 in Ice Magic
 14672 | Orc:2    | Found Ekisih's Weapon Emporium.
 14673 | Orc:2    | Found Gumpoy's Book Emporium.
 14673 | Orc:2    | Found Keis's General Store.
 14674 | Orc:2    | Found Bugufoet's Distillery.
 14683 | Orc:2    | Bought a scroll of blinking for 97 gold pieces
 14683 | Orc:2    | Bought a wand of acid (7) for 382 gold pieces
 14721 | Orc:2    | Bought a book of Power for 546 gold pieces
 15128 | D:9      | Killed Maggie
 15509 | D:9      | Killed Gastronok
 15510 | D:9      | Gained mutation: You can use your snake-like lower body to
                  | constrict enemies. [Naga growth]
 15510 | D:9      | Reached XP level 13. HP: 105/117 MP: 2/27
 15550 | D:9      | Reached skill level 13 in Ice Magic
 15770 | Lair:1   | Killed Jeremiah
 16005 | Lair:1   | Identified the ring "Izewocs" {rF++ rN+ Str+3}
 17074 | Lair:1   | Identified the +3 battleaxe of Circular Logic {antimagic,
                  | rPois Will+ Dex+2}
 17502 | Lair:2   | Reached skill level 14 in Ice Magic
 17658 | Lair:2   | HP: 1/117 [black mamba (5)]
 17659 | Lair:2   | Mangled by a black mamba

Illustrated notes

Levels and vault maps discovered:
D:1:      matt_arrival_grand_opening, layout_loops_cross,
          shapermc_ecumenical_altar_acropolis, st_stairs_12,
          corexii_item_surrounded_by_moat
D:2:      layout_rooms, basic_altar, hex_intersection
D:3:      layout_rooms, gammafunk_ghost_necromancy, kennysheep_donut
D:4:      layout_basic, grunt_temple_overflow_open,
          minmay_temple_entry_proselytizer
D:5:      minmay_evil_eye, layout_basic, chequers_temple_overflow_minitemple
D:6:      layout_basic, gup_ossuary_entry_pyramid, uniq_duvessa
D:7:      layout_layer_cave, uniq_pikel
D:8:      layout_loops_ring
D:9:      layout_irregular_city, lair_entry_dummy, serial_shops, shop,
          uniq_maggie, uniq_gastronok
D:10:     layout_cave_pods, kennysheep_little_box,
          minmay_orc_entry_temple_small, ebering_ghost_xom,
          serial_co_window_serial, co_window_paths_a, co_window_corner_a,
          co_window_paths_a, co_window_paths_b, co_window_paths_b,
          co_window_paths_a, co_window_corner_a, co_window_paths_c,
          co_window_broadway_b, co_window_broadway_b, co_window_cross_2,
          co_window_cross_2
Temple:   nicolae_temple_bog_church
Lair:1:   layout_layer_cave, gammafunk_lair_bear_cave, grunt_megastairs_5,
          uniq_jeremiah
Lair:2:   layout_chaotic_city, mainiacjoe_shoals_entry_four_pools,
          infiniplex_staircase_pool_2
Orc:1:    layout_caves, gammafunk_ghost_split, statue_in_the_mist_lemuel
Orc:2:    st_orc_pillars, layout_diamond_mine, einodemon_barbed_minivault

Skill      XL: |  1  2  3  4  5  6  7  8  9 10 11 12 13 |
---------------+----------------------------------------+-----
Spellcasting   | 3 4 5 6 7 9 10 | 10.0
Conjurations   | 5 6 7 8 9 11 12 | 12.0
Fighting       | 2 5 7 8 |  8.0
Ice Magic      | 7 12 14 | 14.1
Dodging        | |  1.5
Stealth        | |  3.0

Action                     |  1- 3 |  4- 6 |  7- 9 | 10-12 | 13-15 || total
---------------------------+-------+-------+-------+-------+-------++-------
  Melee: Dagger            |       |    11 |    59 |    70 |       ||   140
         Long sword        |       |       |       |     1 |    24 ||    25
         Constrict         |       |       |       |       |     6 ||     6
   Cast: Magic Dart        |    50 |    31 |    14 |    35 |       ||   130
         Searing Ray       |     2 |    25 |    74 |   108 |    15 ||   224
         Stone Arrow       |       |       |    10 |    51 |     8 ||    69
         Fulminant Prism   |       |       |     4 |    27 |     7 ||    38
         Frozen Ramparts   |       |       |       |    28 |     3 ||    31
         Iskenderun's Myst |       |       |       |     7 |     5 ||    12
 Invoke: Call Merchant     |       |       |       |     2 |     1 ||     3
Ability: Spit Poison       |    23 |    24 |    34 |    54 |    10 ||   145
  Evoke: Wand              |       |     2 |       |    18 |       ||    20
    Use: Scroll            |       |     6 |     1 |    10 |     1 ||    18
         Potion            |       |       |       |     3 |       ||     3
   Stab: Sleeping          |       |       |     1 |       |       ||     1
         Distracted        |       |       |       |     1 |       ||     1
 Armour: Robe              |     1 |    12 |    65 |   223 |   155 ||   456
  Dodge: Dodged            |     5 |    25 |   125 |   249 |   107 ||   511

Table legend: (Time is in decaauts)
 A = Elapsed time spent in this place.
 B = Non-inter-level travel time spent in this place.
 C = Inter-level travel time spent in this place.
 D = Time resting spent in this place.
 E = Time spent auto-exploring this place.
 F = Levels seen in this place.
 G = Mean time per level.
                   A        B        C        D        E       F      G
               +--------+--------+--------+--------+--------+-----+--------+
         Total |  22118 |  20359 |   1759 |   4552 |  12290 |  16 | 1382.4 |
       Dungeon |  14962 |  13608 |   1354 |   2818 |   8633 |  10 | 1496.2 |
        Temple |      1 |      1 |      0 |      0 |      0 |   1 |    1.0 |
          Lair |   2715 |   2579 |    136 |    312 |   1944 |   2 | 1357.5 |
  Orcish Mines |   3648 |   3380 |    268 |   1182 |   1439 |   2 | 1824.0 |
       Ossuary |    790 |    790 |      0 |    239 |    274 |   1 |  790.0 |
               +--------+--------+--------+--------+--------+-----+--------+

Top non-repeatable levels by time:
   Orc:2: 2800 daAuts
  Lair:1: 2450 daAuts
    D:10: 2302 daAuts
     D:7: 2283 daAuts
     D:6: 1672 daAuts
     D:5: 1584 daAuts
     D:8: 1570 daAuts
     D:9: 1480 daAuts
     D:1: 1308 daAuts
     D:4: 1095 daAuts
     D:3: 900 daAuts
   Orc:1: 847 daAuts
 Ossuary: 790 daAuts
     D:2: 763 daAuts
  Lair:2: 264 daAuts
